 Dungeon Crawl Stone Soup version 0.24.0-10-g970556be89 (webtiles) character file.

Game seed: 13504222945942844572, levelgen mode: deterministic

20 Inarius the Grave Robber (level 2, 0/19 HPs)
             Began as a Mummy Necromancer on Nov 3, 2019.
             Slain by a worm (9 damage)
             ... on level 1 of the Dungeon.
             The game lasted 00:01:29 (819 turns).

Inarius the Grave Robber (Mummy Necromancer)         Turns: 819, Time: 00:01:29

Health: 0/19       AC:  3    Str: 11    XL:     2   Next: 58%
Magic:  2/6        EV: 11    Int: 14    God:
Gold:   57         SH:  3    Dex: 12    Spells: 6/7 levels left

rFire    x . .     SeeInvis .   b - +0 spear (pierce)
rCold    + . .     Gourm    .   c - +0 buckler
rNeg     + + +     Faith    .   a - +0 robe
rPois    ∞         Spirit   .   f - +0 helmet
rElec    .         Reflect  .   (no cloak)
rCorr    .         Harm     .   (no gloves)
MR       .....                  (no boots)
Stlth    ++........             (no amulet)
HPRegen  0.06/turn              (no ring)
MPRegen  0.10/turn              (no ring)

@: no status effects
A: no food or potions, fire vulnerability, cold resistance 1, negative energy
resistance 3, torment resistance, unbreathing
a: no special abilities


You were on level 1 of the Dungeon.
You were not hungry.

You visited 1 branch of the dungeon, and saw 2 of its levels.

You collected 57 gold pieces.

Inventory:

Hand Weapons
 b - a +0 spear of piercing (weapon)
Missiles
 d - 8 boomerangs (quivered)
Armour
 a - a +0 robe (worn)
 c - a +0 buckler (worn)
 f - a +0 helmet (worn)
Scrolls
 e - 4 scrolls of fog {unknown}
 g - a scroll of fear {unknown}
 h - a scroll of magic mapping {unknown}


   Skills:
 + Level 0.2 Polearms
 + Level 1.5 Dodging
 - Level 1.5 Stealth
 + Level 3.0 Spellcasting
 * Level 4.6 Necromancy


You had 6 spell levels left.
You knew the following spells:

 Your Spells              Type           Power        Failure   Level  Hunger
a - Pain                  Necr           ##..         5%          1    N/A

Your spell library contained the following spells:

 Spells                   Type           Power        Failure   Level  Hunger
 Animate Skeleton         Necr           N/A          5%          1    N/A
 Vampiric Draining        Necr           ##........   16%         3    N/A
 Animate Dead             Necr           N/A          47%         4    N/A
 Regeneration             Chrm/Necr      Unusable     N/A         3    N/A

Dungeon Overview and Level Annotations

Branches:
Dungeon (2/15)

Altars:

Annotations:
D:2 Jessica


Innate Abilities, Weirdness & Mutations

You do not eat or drink.
Your flesh is vulnerable to fire.
You are immune to poison.
Your flesh is cold resistant. (rC+)
You are immune to negative energy. (rN+++)
You are immune to unholy pain and torment.
You can survive without breathing.


Message History

Confirm with . or Enter, or press ? or * to list all spells.
Aiming: Pain (safe; 5% risk of failure)
Press: ? - help, Shift-Dir - straight line, f/p - worm
Aim: a worm (lightly wounded, chance to defeat MR: 79%)
The worm writhes in agony.
Casting: Pain (safe; 5% risk of failure)
Confirm with . or Enter, or press ? or * to list all spells.
Aiming: Pain (safe; 5% risk of failure)
Press: ? - help, Shift-Dir - straight line, f/p - worm
Aim: a worm (moderately wounded, chance to defeat MR: 79%)
The worm writhes in agony.
The worm bites you!
Ouch! That really hurt!
Unknown command.
Casting: Pain (safe; 5% risk of failure)
Confirm with . or Enter, or press ? or * to list all spells.
Aiming: Pain (safe; 5% risk of failure)
Press: ? - help, Shift-Dir - straight line, f/p - worm
Aim: a worm (severely wounded, chance to defeat MR: 79%)
The worm writhes in agony.
The worm bites you!
You die...

.......#####..##......#'####.....
.......# #.†##.................
.......# #.....................
....#### #.#...................
....# #.....................
....# ###...................
....# #...######'##'##.... ....#
#...# #.##.##.... ....# #.w@#
#.##.###### ....# #.### #.##.#
....# #.# #.##.# ....#
#.########.##.# #####
#........#.##.# ##########.##.#
#.##.# #....# ######


You could see a worm.

Vanquished Creatures
  An ooze (D:1)
  A dart slug (D:1)
  A hobgoblin (D:2)
  4 bats (D:1)
  2 frilled lizards (D:1)
  2 goblins (D:1)
  2 kobolds (D:1)
  4 rats (D:1)
17 creatures vanquished.

Notes
Turn   | Place    | Note
-------+----------+-------------------------------------------
     0 | D:1      | Inarius the Mummy Necromancer began the quest for the Orb.
     0 | D:1      | Reached XP level 1. HP: 13/13 MP: 4/4
   279 | D:1      | Reached XP level 2. HP: 16/19 MP: 1/6
   762 | D:2      | Noticed Jessica
   819 | D:1      | Slain by a worm

Levels and vault maps discovered:
D:1:      minmay_arrival_doors, layout_basic, minmay_misc_feat_encased
D:2:      layout_basic, uniq_jessica

Skill      XL: |  1 |
---------------+----+-----
Spellcasting   | 3 |  3.0
Polearms       | |  0.2
Dodging        | |  1.5
Stealth        | |  1.5
Necromancy     | |  4.6

Action                   || total
-------------------------++-------
Melee: Spear             ||    27
 Cast: Pain              ||    30
 Stab: Sleeping          ||     1
Armor: Robe              ||     3
Dodge: Dodged            ||    20
Block: Buckler           ||     1
